Map: 만발의 정원 - 래더

Players

Leenock - Winner!

  • Race: Zerg Zerg
  • League: Master
  • Spawn Location: 1:00

TYTY (TY)

  • Race: Terran Terran
  • League: Diamond
  • Spawn Location: 7:00

VOD

Have the link to the VOD?

Description

Time

  • Played on: Nov. 26, 2016, 4:22 a.m.
  • Length: 14:05
Show
View Real Time Build Order
Export as new Build Order

Leenock Zerg - Winner!

Build Orders: Hatch First 

Get SALT Encoding   

  12  0:00  Drone  
  13  0:12  Overlord  
  13  0:17  Drone  
  14  0:30  Drone x2  
  14  0:34  Drone  
  17  0:50  Hatchery  
  17  0:53  Drone  
  17  0:56  Drone  
  18  1:04  Extractor  
  17  1:11  Spawning Pool  
  17  1:14  Drone  
  17  1:17  Drone  
  18  1:27  Drone  
  19  1:37  Overlord  
  19  1:58  Zergling x2, Queen  
  19  1:59  Zergling x2  
  23  2:01  Queen  
  23  2:02  Zergling x2  
  23  2:03  Metabolic Boost  
  26  2:10  Drone  
  26  2:13  Drone  
  28  2:22  Drone  
  29  2:25  Drone  
  30  2:33  Queen  
  30  2:34  Drone  
  30  2:35  Drone  
  34  2:41  Pneumatized Carapace  
  34  2:42  Overlord  
  34  2:46  Drone  
  35  2:53  Overlord  
  35  3:00  Drone  
  35  3:04  Drone  
  37  3:05  Drone  
  37  3:06  Drone x2  
  37  3:09  Drone  
  37  3:10  Drone x3  
  44  3:19  Overlord  
  44  3:27  Drone x2  
  44  3:31  Drone  
  47  3:39  Drone  
  48  3:44  Hatchery, Drone  
  48  3:45  Queen  
  48  3:46  Queen  
  48  3:48  Extractor, Drone  
  53  3:50  Drone  
  53  3:52  Drone  
  54  3:55  Evolution Chamber  
  54  3:57  Baneling Nest  
  54  4:02  Zergling x6  
  55  4:07  Zergling x2  
  56  4:14  Zergling x4  
  56  4:16  Zergling x4  
  60  4:17  Overlord  
  60  4:20  Evolution Chamber  
  59  4:25  Zerg Ground Armor Level 1  
  59  4:38  Zergling x10  
  62  4:39  Zergling x2  
  62  4:42  Baneling  
  62  4:43  Baneling x2  
  65  4:48  Baneling x2  
  65  4:50  Zergling x6  
  65  4:51  Overlord x2  
  68  4:55  Zerg Melee Weapons Level 1  
  60  5:14  Drone  
  60  5:15  Drone x9  
  67  5:23  Drone x5  
  71  5:28  Drone x2  
  71  5:30  Drone  
  71  5:32  Lair  
  72  5:38  Overlord  
  72  5:41  Drone x2  
  74  5:44  Extractor  
  74  5:45  Extractor  
  72  5:50  Hatchery  
  72  5:52  Baneling x5  
  72  5:53  Zergling x10  
  72  5:56  Drone  
  77  5:58  Queen  
  77  6:00  Queen  
  81  6:06  Baneling x4  
  81  6:09  Zergling x10  
  81  6:10  Zergling x2  
  87  6:15  Drone  
  87  6:16  Overlord x2, Drone  
  86  6:27  Zergling x10  
  86  6:29  Baneling x7  
  83  6:40  Zergling x12  
  83  6:41  Zergling x2  
  86  6:48  Drone  
  86  6:50  Drone  
  86  6:53  Drone  
  88  6:55  Drone  
  88  6:59  Drone x3  
  88  7:00  Zerg Ground Armor Level 2, Zerg Melee Weapons Level 2  
  92  7:04  Zergling x2  
  92  7:05  Zergling x2  
  92  7:06  Overseer  
  93  7:10  Overlord  
  93  7:13  Zergling x2  
  93  7:14  Zergling x4  
  93  7:15  Zergling x2  
  97  7:19  Hatchery, Queen x3  
  102  7:27  Queen  
  104  7:35  Spore Crawler  
  104  7:36  Infestation Pit  
  102  7:40  Zergling x8  
  102  7:41  Zergling x16  
  102  7:43  Overlord x2  
  111  7:48  Overlord  
  111  7:49  Overlord  
  110  8:01  Extractor  
  110  8:02  Drone x3  
  110  8:03  Drone x3  
  110  8:04  Drone x4  
  110  8:05  Overlord  
  119  8:08  Spine Crawler  
  119  8:11  Centrifical Hooks  
  118  8:13  Hive  
  118  8:15  Baneling x3  
  118  8:16  Baneling x5  
  108  8:43  Drone x3  
  108  8:44  Drone x2  
  113  8:49  Zergling x16  
  113  8:50  Zergling x14  
  128  9:00  Drone x3  
  128  9:01  Drone x2  
  130  9:12  Zergling x16  
  138  9:24  Zergling x16  
  139  9:28  Zergling x2  
  139  9:29  Adrenal Glands  
  139  9:30  Zerg Ground Armor Level 3  
  139  9:31  Ultralisk Cavern  
  146  9:34  Baneling x8  
  145  9:43  Zergling x2  
  134  9:46  Zergling x24  
  134  9:49  Zergling x6  
  134  9:52  Baneling x6  
  147  10:03  Zerg Melee Weapons Level 3  
  144  10:19  Overlord x2  
  144  10:20  Chitinous Plating, Overlord  
  136  10:38  Zergling x2  
  136  10:39  Zergling x10, Ultralisk x2  
  154  10:49  Extractor  
  153  10:51  Queen x2  
  157  10:58  Spire  
  146  11:14  Zergling x20  
  120  11:37  Drone  
  120  11:38  Drone x4  
  120  11:39  Drone x2  
  126  11:50  Zergling x2, Ultralisk x2  
  126  11:51  Zergling x24  
  151  12:01  Zergling x6  
  151  12:05  Burrow  
  154  12:17  Corruptor x5  
  154  12:18  Drone  
  154  12:19  Baneling  
  154  12:20  Baneling x6  
  165  12:24  Overlord  
  165  12:25  Overlord x2  
  165  12:37  Baneling  
  165  12:38  Baneling x4  
  165  12:42  Extractor x2  
  163  12:45  Spore Crawler  
  161  12:54  Hatchery  
  160  13:02  Drone x3  
  160  13:03  Drone x5  
  160  13:04  Drone x5  
  153  13:27  Drone  
  153  13:28  Drone  
  153  13:31  Corruptor x3  
  161  13:34  Zergling x2  
  161  13:35  Zergling x16  
Show
View Real Time Build Order
Export as new Build Order

TYTY Terran 

Build Orders: Reaper Expand, MMM Bio 

Get SALT Encoding   

  12  0:00  SCV  
  13  0:12  SCV  
  14  0:17  Supply Depot  
  14  0:24  SCV  
  15  0:39  SCV  
  15  0:40  Barracks  
  16  0:43  Refinery  
  16  0:51  SCV  
  17  1:03  SCV  
  18  1:27  Orbital Command, Reaper  
  19  1:34  Command Center  
  19  1:44  Barracks  
  19  1:53  SCV  
  20  1:59  Refinery  
  20  2:00  Barracks Reactor  
  20  2:05  SCV  
  21  2:11  Supply Depot  
  21  2:17  SCV  
  21  2:22  Factory  
  22  2:29  SCV  
  23  2:31  Barracks Tech Lab  
  23  2:35  Marine x2  
  25  2:41  SCV  
  26  2:47  Orbital Command  
  26  2:53  Stimpack  
  26  2:55  SCV  
  27  3:02  Marine x2  
  27  3:05  Marine  
  30  3:12  Starport  
  30  3:13  SCV  
  30  3:16  SCV  
  32  3:20  Factory Reactor  
  32  3:21  Marine  
  32  3:23  Marine  
  32  3:24  Marine  
  35  3:30  SCV x2  
  37  3:39  Marine  
  38  3:41  Marine  
  38  3:42  Supply Depot, Marine  
  38  3:43  SCV  
  38  3:44  SCV  
  42  3:55  SCV  
  42  3:57  Marine  
  42  3:59  Marine  
  42  4:01  Medivac  
  46  4:03  Medivac  
  46  4:04  SCV  
  46  4:05  Supply Depot  
  46  4:06  Widow Mine  
  46  4:07  Marine  
  46  4:09  SCV  
  53  4:13  Supply Depot  
  53  4:16  Marine  
  54  4:24  Supply Depot  
  54  4:27  SCV x2, Marine  
  54  4:29  Bunker  
  54  4:31  Marine  
  58  4:33  Marine  
  59  4:39  SCV  
  59  4:44  Marine  
  59  4:45  Medivac, Hellion x2  
  67  4:47  SCV  
  67  4:48  Marine  
  69  4:54  Armory  
  69  4:56  Supply Depot  
  69  5:02  Marine x2  
  69  5:04  SCV x2  
  69  5:06  Hellion  
  61  5:14  Hellion  
  61  5:16  SCV x2  
  61  5:18  Medivac  
  61  5:20  Marine x2  
  65  5:28  Combat Shields, SCV x2  
  67  5:38  Supply Depot  
  67  5:39  Marine x2  
  67  5:40  SCV x2  
  71  5:45  Hellion x2  
  77  5:52  Marine  
  77  5:55  Viking  
  80  5:57  Marine  
  79  6:04  Engineering Bay  
  79  6:06  Widow Mine x2, Engineering Bay  
  79  6:07  Marine  
  84  6:12  Liberator  
  84  6:13  Marine  
  85  6:19  SCV x2  
  82  6:30  Marine x2  
  81  6:41  Hellion x2  
  81  6:46  Terran Infantry Weapons Level 1  
  81  6:53  SCV x2  
  82  6:58  Marine x3  
  84  7:04  Command Center  
  84  7:05  Hellion x2  
  84  7:07  SCV x2  
  89  7:11  Refinery, Terran Infantry Armor Level 1  
  89  7:12  Refinery  
  89  7:15  Missile Turret  
  89  7:16  Starport Reactor  
  89  7:17  Marine x3  
  92  7:27  Widow Mine  
  94  7:33  Supply Depot  
  94  7:35  Supply Depot  
  94  7:36  SCV  
  94  7:55  Widow Mine, SCV, Marauder, Marine x2  
  94  7:57  Barracks  
  94  7:58  Barracks  
  101  7:59  Barracks  
  101  8:01  Supply Depot  
  101  8:02  Supply Depot  
  101  8:04  Medivac x2  
  105  8:06  Widow Mine  
  105  8:08  SCV x2  
  109  8:22  Liberator x2  
  107  8:30  Marauder, Marine x2  
  107  8:31  SCV x2  
  109  8:37  Widow Mine x2  
  109  8:38  Orbital Command  
  117  8:46  SCV x2  
  117  8:47  Barracks Tech Lab x2  
  119  8:49  Barracks Reactor  
  119  8:52  Barracks Reactor, Marauder  
  121  8:57  Marine x2  
  121  8:58  SCV  
  121  8:59  Refinery  
  121  9:08  Widow Mine x2, Marauder  
  121  9:09  Terran Infantry Weapons Level 2  
  127  9:11  SCV x2  
  127  9:12  SCV  
  127  9:14  Marine  
  127  9:15  Marine  
  127  9:16  Marine  
  133  9:18  Terran Infantry Armor Level 2  
  132  9:29  Marine  
  132  9:30  Liberator x2  
  133  9:32  Marine  
  133  9:33  Marine  
  133  9:34  Marine x2  
  133  9:36  Widow Mine  
  133  9:37  Widow Mine  
  130  9:51  Marauder x2  
  134  9:53  Marine x3  
  135  10:02  Command Center, Marine x2  
  135  10:05  SCV x2  
  137  10:12  Refinery, Marine x4  
  135  10:15  Supply Depot  
  135  10:16  Supply Depot  
  135  10:19  Liberator x2  
  134  10:23  Widow Mine x2  
  134  10:27  SCV x2  
  134  10:28  Marine, SCV  
  136  10:29  Marauder x2, Marine  
  136  10:30  Marine x2  
  140  10:42  SCV x2  
  148  10:49  Marine x6  
  154  10:50  Supply Depot  
  154  10:51  Supply Depot  
  154  10:54  Refinery  
  154  10:56  Orbital Command  
  154  10:57  Marine x2  
  154  11:00  Widow Mine  
  154  11:01  Widow Mine  
  155  11:07  Marine x2  
  155  11:09  Marine x4  
  155  11:11  Liberator  
  149  11:17  Liberator  
  149  11:18  SCV x2  
  131  11:23  Marine x2  
  131  11:24  Marine x2  
  105  11:29  Widow Mine  
  105  11:30  Widow Mine  
  103  11:41  Marauder  
  103  11:43  Marine x3  
  103  11:44  Marine  
  109  11:50  Marine x2  
  109  11:52  Starport  
  109  11:53  SCV  
  110  11:55  Liberator  
  110  11:59  SCV  
  111  12:09  Supply Depot  
  114  12:16  Widow Mine x2  
  118  12:23  Marauder x2, Marine x5  
  118  12:25  Liberator  
  118  12:27  Unknown  
  127  12:31  SCV  
  128  12:41  Starport Reactor  
  131  12:47  Marauder, Marine x6  
  131  12:48  Marauder  
  143  13:05  Marine  
  141  13:15  SCV x3  
  135  13:21  Medivac x2, Missile Turret  
  130  13:29  SCV x2  
  130  13:32  SCV  
  133  13:40  Missile Turret  
  133  13:41  Unknown  
Tags
 
Add a new tag
Caveats
  • Supply blocks, unpowered buildings, or Contaminate may cause inaccurate times.
  • Supply counts are checked every 10 seconds.